 Dungeon Crawl Stone Soup version 0.32-a0-841-g4648e6c457 (webtiles) character file.

Game seed: 1602455404007827133

72 BigDaddyOpFi the Sneak (level 4, -3/27 HPs)
             Began as an Octopode Hedge Wizard on Mar 26, 2024.
             Slain by Grinder (5 damage)
             ... on level 2 of the Dungeon.
             The game lasted 00:03:25 (2776 turns).

BigDaddyOpFi the Sneak (Octopode Hedge Wizard)      Turns: 2776, Time: 00:03:26

Health: -3/27      AC:  1    Str:  9    XL:     4   Next: 25%
Magic:  8/8        EV: 12    Int: 18    God:
Gold:   104        SH:  0    Dex: 11    Spells: 8/9 levels left

rFire   . . .        a - +0 dagger
rCold   . . .        (no shield)
rNeg    . . .        b - +0 hat
rPois   .            (no amulet)
rElec   .            (no ring)
rCorr   .            (no ring)
SInv    .            (no ring)
Will    .....        (no ring)
Stlth   +++          (no ring)
HPRegen 0.24/turn    (no ring)
MPRegen 0.11/turn    (no ring)
                     (no ring)

%: no passive effects
@: very slightly contaminated
A: almost no armour, amphibious, 8 rings, camouflage 1, gelatinous body 1,
(nimble swimmer 1), tentacles
a: no special abilities


You were on level 2 of the Dungeon.
You visited 1 branch of the dungeon, and saw 3 of its levels.

You collected 104 gold pieces.

Inventory:

Hand Weapons
 a - a +0 dagger (weapon)
Armour
 b - a +0 hat (worn)
Scrolls
 i - a scroll of enchant weapon {unknown}
 j - a scroll of amnesia {unknown}
 k - 2 scrolls of poison {unknown}
 l - a scroll of fear {unknown}
Potions
 f - a potion of degeneration {unknown}
 g - 2 potions of curing
 h - a potion of enlightenment {unknown}


   Skills:
 + Level 2.4 Dodging
 * Level 4.0 Stealth
 + Level 3.3 Spellcasting
 + Level 1.5 Conjurations
 + Level 1.6 Summonings
 + Level 1.5 Translocations


You had 8 spell levels left.
You knew the following spells:

 Your Spells              Type           Power      Damage    Failure   Level
a - Magic Dart            Conj           32%        1d4       9%          1

Your spell library contained the following spells:

 Spells                   Type           Power      Damage    Failure   Level
 Call Imp                 Summ           18%        N/A       12%         2
 Blink                    Tloc           16%        N/A       13%         2
 Slow                     Hex            8%         N/A       16%         1
 Cigotuvi's Dreadful Rot  Necr/Alch/Air  4%         N/A       24%         2
 Mephitic Cloud           Conj/Alch/Air  4%         N/A       36%         3
 Tukima's Dance           Hex            2%         N/A       43%         3
 Passage of Golubria      Tloc           8%         N/A       63%         4
 Yara's Violent Unravell  Hex/Alch       1%         3d3       99%         5


Dungeon Overview and Level Annotations

Branches:
Dungeon (3/15)

Altars:
Hepliaklqana

Annotations:
D:2 Grinder


Innate Abilities, Weirdness & Mutations

You cannot wear most types of armour.
You are amphibious.
You can wear up to eight rings at the same time.
Your skin changes colour to match your surroundings (Stealth+).
Your rubbery body absorbs attacks. (AC +1, EV +1)
((You are camouflaged when in or above water. (Stealth+)))
You have tentacles for arms and can constrict up to eight enemies at once.


Message History

Grinder is lightly wounded.
The magic dart hits Grinder.
Grinder is lightly wounded.
The magic dart hits Grinder.
Grinder is lightly wounded.
Grinder gestures at you.
You suddenly lose the ability to move!
Grinder gestures at you. You resist with significant effort.
Grinder gestures at you. Pain shoots through your body!
You can move again.
Unknown command.
Blink to where?
Press: ? - help, Dir - move target, p - Grinder
As you read the scroll of blinking, it crumbles to dust.
Grinder says, "You look like you could use a good racking."
Grinder closely misses you.
You climb upwards.
There is a stone staircase leading down here.
Unknown command.
Magic courses through your body. Grinder hits you.
You writhe in agony.
Casting: Magic Dart (safe; 9% risk of failure)
Confirm with . or Enter, or press ? or * to list all spells.
Aiming: Magic Dart (safe; 9% risk of failure)
Press: ? - help, Shift-Dir - straight line, f - Grinder
Aim: Grinder (lightly wounded, 100% to hit)
You miscast Magic Dart.
You are very lightly contaminated with residual magic.
Nothing appears to happen.
Grinder gestures at you. Pain shoots through your body!
* * * LOW HITPOINT WARNING * * *
Unknown command.
As you read the scroll labelled VUNIAKL PIZOIN, it crumbles to dust.
It is a scroll of identify.
g - 2 potions of curing Grinder hits you.
You die...
Grinder says, "Hey, I wasn't done torturing you yet!"

#.# #...........# #.#
###########.# #.# #.#
#.# #.# ###.# #.#
..#.# #########.##
..#.######..)....#..#
...........#####5##.#
..#.######## #@##.#
..#.# ####.##.#
###.###### #.....#.#
......)..####.##.##.#
###...<.......#####.#
# ######.####.# #.# #
#.# #.# #.# # #.#
#.#####.# #.#
#.......#


You could see Grinder.

Vanquished Creatures
  An adder (D:2)
  A dart slug (D:2)
  A ribbon worm (D:2)
  4 endoplasms
  3 giant cockroaches (D:1)
  7 goblins
  7 hobgoblins
  6 jackals
  2 quokkas
  2 ball pythons
  4 bats
  2 frilled lizards (D:1)
  7 kobolds
  7 rats
54 creatures vanquished.

Notes
Turn   | Place    | Note
-------+----------+-------------------------------------------
     0 | D:1      | BigDaddyOpFi the Octopode Hedge Wizard began the quest for
                  | the Orb.
     0 | D:1      | Reached XP level 1. HP: 11/11 MP: 4/4
   249 | D:1      | Reached skill level 3 in Stealth
   304 | D:1      | Reached XP level 2. HP: 17/17 MP: 3/6
   611 | D:1      | Reached XP level 3. HP: 15/21 MP: 0/7
  1634 | D:2      | Found a hazy altar of Hepliaklqana.
  2005 | D:2      | Reached XP level 4. HP: 10/27 MP: 0/8
  2259 | D:2      | Reached skill level 4 in Stealth
  2761 | D:3      | Noticed Grinder
  2767 | D:3      | Paralysed by Grinder for 4 turns
  2775 | D:2      | HP: 1/27 [Grinder/nerve-wracking pain (13)]
  2776 | D:2      | Slain by Grinder

Illustrated notes

Levels and vault maps discovered:
D:1:      lemuel_arrival_cross, layout_loops_corners, roderic_roman_lattice,
          minmay_pentomino_w4
D:2:      layout_loops_ring, basic_altar, minmay_surrounded
D:3:      layout_loops_cross, uniq_crazy_yiuf_cottage, uniq_grinder

Skill      XL: |  1  2  3  4 |
---------------+-------------+-----
Stealth        | 3 4 |  4.0
Dodging        | |  2.4
Spellcasting   | |  3.3
Conjurations   | |  1.5
Summonings     | |  1.6
Translocations | |  1.5

Action                     |  1- 3 |  4- 6 || total
---------------------------+-------+-------++-------
  Melee: Dagger            |    23 |     8 ||    31
         Constrict         |     8 |     3 ||    11
         Tentacles         |     5 |     4 ||     9
   Cast: Magic Dart        |    86 |    28 ||   114
    Use: Scroll            |       |     3 ||     3
         Potion            |       |     1 ||     1
 Armour: Skin              |    15 |     8 ||    23
  Dodge: Dodged            |    24 |     5 ||    29

Table legend: (Time is in decaauts)
 A = Elapsed time spent in this place.
 B = Non-inter-level travel time spent in this place.
 C = Inter-level travel time spent in this place.
 D = Time resting spent in this place.
 E = Time spent auto-exploring this place.
 F = Levels seen in this place.
 G = Mean time per level.
                   A        B        C        D        E       F      G
               +--------+--------+--------+--------+--------+-----+--------+
         Total |   2776 |   2709 |     67 |      0 |   2394 |   3 |  925.3 |
       Dungeon |   2776 |   2709 |     67 |      0 |   2394 |   3 |  925.3 |
               +--------+--------+--------+--------+--------+-----+--------+

Top non-repeatable levels by time:
     D:1: 1626 daAuts
     D:2: 1133 daAuts
     D:3: 16 daAuts
